 Dungeon Crawl Stone Soup version 0.27.0-65-ge2af304b15 (webtiles) character file.

Game seed: 8100566313550420696

207 Ishikawa the Magician (level 6, -4/41 HPs)
             Began as a Human Hedge Wizard on Aug 18, 2021.
             Slain by a wraith (13 damage)
             ... in an ossuary.
             The game lasted 00:17:19 (4897 turns).

Ishikawa the Magician (Human Hedge Wizard)          Turns: 4897, Time: 00:17:20

Health: -4/41      AC:  4    Str: 11    XL:     6   Next: 11%
Magic:  3/12       EV: 12    Int: 16    God:
Gold:   111        SH:  0    Dex: 12    Spells: 5/13 levels left

rFire    . . .     SeeInvis .   a - +0 dagger
rCold    . . .     Faith    .   (no shield)
rNeg     . . .     Spirit   .   b - +0 robe
rPois    .         Reflect  .   c - +0 hat
rElec    .         Harm     .   o - +1 cloak
rCorr    .         Rampage  .   (no gloves)
Will     .....                  (no boots)
Stlth    ++........             (no amulet)
HPRegen  0.13/turn              (no ring)
MPRegen  0.13/turn              (no ring)

@: slowed, very slow
A: no striking features
a: no special abilities


You were in an ossuary.
You visited 1 branch of the dungeon, and saw 4 of its levels.
You also visited: Ossuary.

You collected 111 gold pieces.

Inventory:

Hand Weapons
 a - a +0 dagger (weapon)
 q - a +0 vorpal trident
 s - a +1 flail of holy wrath
Armour
 b - a +0 robe (worn)
 c - a +0 hat (worn)
 o - a +1 cloak (worn)
Jewellery
 f - an amulet of guardian spirit
 m - a ring of willpower
 w - a ring of protection from fire
Scrolls
 d - a scroll of amnesia {unknown}
 g - a scroll of enchant weapon {unknown}
 h - a scroll of fog
 j - a scroll of magic mapping {unknown}
 k - 2 scrolls of enchant armour
 n - 3 scrolls of teleportation {unknown}
 r - 3 scrolls of identify {unknown}
 t - a scroll of acquirement {unknown}
 u - 2 scrolls of holy word
 x - a scroll of noise {unknown}
 y - a scroll of blinking {unknown}
Potions
 e - a potion of degeneration {unknown}
 i - 2 potions of curing {unknown}
 l - 2 potions of flight {unknown}
 p - a potion of attraction {unknown}
 v - a potion of experience {unknown}


   Skills:
 + Level 2.5 Dodging
 + Level 2.5 Stealth
 + Level 4.3 Spellcasting
 * Level 2.1 Conjurations
 - Level 2.0 Summonings
 - Level 2.3 Translocations
 * Level 0.2 Fire Magic


You had 5 spell levels left.
You knew the following spells:

 Your Spells              Type           Power      Damage    Failure   Level
a - Magic Dart            Conj           40%        1d5       7%          1
b - Call Imp              Summ           9%         N/A       11%         2
c - Blink                 Tloc           N/A        N/A       10%         2
d - Conjure Flame         Conj/Fire      7%         6-21      30%         3

Your spell library contained the following spells:

 Spells                   Type           Power      Damage    Failure   Level
 Slow                     Hex            3%         N/A       24%         2
 Mephitic Cloud           Conj/Pois/Air  5%         N/A       36%         3


Dungeon Overview and Level Annotations

Branches:
Dungeon (4/15)            Ossuary (1/1)
 Temple: D:4-7

Altars:
Makhleb
Qazlal
The Shining One


Message History

The wraith closely misses you.
Your crimson imp blinks!
Your white imp gestures at the wraith.
The puff of frost hits the wraith.
The wraith resists.
You swap places.
Your white imp disappears in a puff of smoke!
The wraith barely misses your crimson imp.
Your crimson imp hits the wraith but does no damage.
Your crimson imp closely misses the wraith.
The wraith hits you. The wraith drains your vigour!
You feel yourself slow down.
Your crimson imp closely misses the wraith.
You barely miss the wraith.
The wraith is moderately damaged.
Your crimson imp disappears in a puff of smoke!
The wraith closely misses you.
Your crimson imp hits the wraith.
Casting: Call Imp (safe; 11% risk of failure)
Confirm with . or Enter, or press ? or * to list all spells.
You miscast Call Imp.
You are very lightly contaminated with residual magic.
Nothing appears to happen.
The wraith hits you!
Your crimson imp hits the wraith but does no damage.
The wraith misses you.
Your crimson imp closely misses the wraith.
Your crimson imp blinks!
The wraith hits you. The wraith drains your vigour!
You feel as though you will be slow longer.
Your crimson imp hits the wraith but does no damage.
The wraith closely misses you.
Your crimson imp hits the wraith but does no damage.
Your magical contamination has completely faded away.
There is an open gate here.
The wraith hits you!
* * * LOW HITPOINT WARNING * * *
Your crimson imp hits the wraith but does no damage.
The wraith misses you.
Your crimson imp hits the wraith.
The wraith misses you.
Your crimson imp hits the wraith but does no damage.
The wraith hits you!
You die...

#.∩.....................∩.#
#.........................#
############'''############
####...#### #..'...'..#
#..#...#..# ####.5.####
#.W.# #.@.# #...# #...#
#...# ##'''## ##.....##
####.......####
#W▓...∩.∩...▓W#
####.......####


You could see a wraith (ally target) and a friendly crimson imp (summoned).

Vanquished Creatures
  A necrophage (D:4)
  An orc wizard (D:3)
  2 adders
  2 dart slugs
  3 endoplasms
  A giant cockroach (D:1)
  3 goblins
  3 kobolds
  5 quokkas
  3 ball pythons
  6 bats
  3 frilled lizards
  2 gnoll skeletons (Ossuary)
  A kobold skeleton (Ossuary)
  3 orc skeletons (Ossuary)
  2 rats (D:1)
41 creatures vanquished.

Vanquished Creatures (collateral kills)
  An orc priest (D:4)
  A hound (D:4)
  A mummy (Ossuary)
  3 adders
  A dart slug (D:1)
  14 orcs
  An endoplasm (D:3)
  A goblin (D:1)
  6 gnoll skeletons (Ossuary)
  4 kobold skeletons (Ossuary)
  9 orc skeletons (Ossuary)
  A rat (D:3)
43 creatures vanquished.

Grand Total: 84 creatures vanquished

Notes
Turn   | Place    | Note
-------+----------+-------------------------------------------
     0 | D:1      | Ishikawa the Human Hedge Wizard began the quest for the
                  | Orb.
     0 | D:1      | Reached XP level 1. HP: 13/13 MP: 4/4
    27 | D:1      | Found a faded altar of an unknown god.
   472 | D:1      | Reached XP level 2. HP: 19/19 MP: 4/6
   560 | D:1      | Learned a level 2 spell: Call Imp
   563 | D:1      | Learned a level 2 spell: Blink
  1002 | D:2      | Found a burning altar of Makhleb.
  1502 | D:2      | Reached XP level 3. HP: 24/24 MP: 4/7
  2238 | D:3      | Found a glowing golden altar of the Shining One.
  2525 | D:3      | Reached XP level 4. HP: 28/30 MP: 2/9
  3007 | D:3      | Noticed a phantom
  3852 | D:3      | Found a stormy altar of Qazlal.
  3930 | D:4      | Noticed a necrophage
  4092 | D:4      | Reached XP level 5. HP: 33/35 MP: 5/10
  4275 | D:4      | Killed a necrophage
  4276 | D:4      | Reached skill level 4 in Spellcasting
  4478 | D:4      | Found a sand-covered staircase.
  4486 | Ossuary  | Entered an ossuary
  4486 | Ossuary  | Noticed a wraith
  4486 | Ossuary  | Noticed a wraith
  4486 | Ossuary  | Noticed a wraith
  4515 | Ossuary  | Reached XP level 6. HP: 35/41 MP: 3/12
  4637 | Ossuary  | Learned a level 3 spell: Conjure Flame
  4839 | Ossuary  | Noticed a wraith
  4897 | Ossuary  | Slain by a wraith

Illustrated notes

Levels and vault maps discovered:
D:1:      minmay_arrival_diagonal_passages, layout_loops_ring,
          basic_ecumenical_altar, chequers_serial_rivers_micro_c
D:2:      layout_basic, basic_altar, grunt_decor_junction
D:3:      layout_rooms, old_standard_altar, nicolae_qazlal_eye_of_the_storm,
          minmay_misc_feat_x
D:4:      layout_basic, worldfamousw_hep_ancestral_shrine,
          chequers_ossuary_entry_cave, nicolae_alphabet_shops
Ossuary:  ossuary_due_mausoleum

Skill      XL: |  1  2  3  4  5 |
---------------+----------------+-----
Summonings     | 2 |  2.0
Translocations | 2 |  2.3
Spellcasting   | 4 |  4.3
Conjurations   | 2 |  2.1
Dodging        | |  2.5
Stealth        | |  2.5
Fire Magic     | |  0.2

Action                   |  1- 3 |  4- 6 || total
-------------------------+-------+-------++-------
Melee: Dagger            |    61 |    64 ||   125
 Cast: Magic Dart        |    44 |    37 ||    81
       Call Imp          |    12 |    49 ||    61
       Blink             |       |     1 ||     1
  Use: Scroll            |     1 |     2 ||     3
 Stab: Distracted        |       |     1 ||     1
Armor: Robe              |    13 |    23 ||    36
Dodge: Dodged            |    55 |    71 ||   126
